← All builds
Tech / Armada / Economy first / OBSERVED BUILD

Rattlesnake defence

Armada Tech (Eco) build order · Supreme Isthmus

Standard T2 eco build that adds an early Rattlesnake-led defensive artillery line around 8:57-11:10 at the middle, with notable pressure beforehand and later base losses.

Usually first T2 con to Geo (74%)

#defence #artillery · 62 distinct matches · 32 players · 2% of Armada Tech games · team won 40% of 62 · Recently observed

THE CATCH, AND WHAT COMES WITH IT
  • RattlesnakeEarly defence from 8:57 · 3% of role by thenOnly 3% of Tech games have it by then; others who build it get it around 11:15

Started with Rattlesnake (98%), Keeper (2%).

Where those units first fight, in 41 games with kill data: in the middle 85%, on their own side 15%.

Those units destroy a typical 495 metal of enemy units by 15:00.

HOW TO PLAY IT

Key timing: Rattlesnake out by 11:00

  1. Open standard T2 rush with Bot Lab and early mex.
  2. Finish Advanced Bot Lab on the usual T2 timing.
  3. Upgrade mex while team pressure builds up front.
  4. Push out Rattlesnake pop-up arty early to hold middle.
  5. Keep supplying T2 cons and anti-nuke to the team.

Phase by phase

TYPICAL OF ITS 62 GAMES · AGAINST STANDARD TECH
  1. 1
  2. 2
  3. 3
  4. 4
  5. 5
PLAY THE OPENING

Follow the example game's first 9:58 step by step: what to build now, what comes next, and where it goes. At 1× it keeps pace with your own game.

  1. 1

    Up to the Bot Lab

    Economy
    • Metal Extractor3Mex
    • Wind Turbine4Wind
    Order
    1. Bot LabBot Lab after 3 mex, 4 winddone ~1:16, middle half 1:10–1:29

    By 0:59 in all: 3 mex · 4 wind

    The example game in this phase · 3 steps
    1. Mex ×3
    2. Wind ×3
    3. Bot LabBot Labdone 1:10 · typical 1:16
  2. 2

    Bot Lab to Advanced Bot Lab

    Economy
    • Metal Extractor1Mex
    • Wind Turbine8Wind
    • Energy Storage1Energy storage
    Order
    1. Advanced Bot LabAdvanced Bot Lab after 4 mex, 12 wind, 3 con turretdone ~4:12, middle half 3:58–4:30
    Builders
    • Construction Turret3 Con turret
    • Lazarus3 Lazarus
    • Construction Bot2 Con bot
    • Construction Bot1 Con bot for allies

    Some games also: converter (39%)

    By 3:16 in all: 4 mex · 12 wind · 1 energy storage · 3 con turret

    The example game in this phase · 19 steps
    1. Wind
    2. Construction BotCon bot
    3. Wind
    4. LazarusLazarus
    5. Wind
    6. LazarusLazarus
    7. Wind ×2
    8. Mex
    9. Wind
    10. Construction BotCon bot
    11. Wind
    12. Energy storage
    13. Construction BotCon botfor Air
    14. Con turret
    15. Wind ×2
    16. Con turret
    17. LazarusLazarus
    18. Wind
    19. Advanced Bot LabAdvanced Bot Labdone 4:25 · typical 4:12
  3. 3

    Advanced Bot Lab to 5:00

    Economy
    • Wind Turbine2Wind−2 vs standard
    Order
    1. Bot LabEat Bot Lab
    Builders
    • Advanced Construction Bot1 T2 con bot for allies

    Some games also: converter (37%)

    By 5:00 in all: 4 mex · 16 wind · 2 converter · 1 energy storage · 3 con turret

    The example game in this phase · 7 steps
    1. Wind
    2. Bot LabEat Bot Labreclaimed for its metal
    3. Wind ×2
    4. Advanced Construction BotT2 con botfor Geo
    5. Advanced Metal ExtractorT2 mexdone 5:12 · typical 5:11
    6. Wind
    7. Advanced Metal ExtractorT2 mex
  4. 4

    5:00 to Early defence

    Economy
    • Wind Turbine23Wind
    • Energy Converter2Converter
    Order
    1. RattlesnakeEarly defence after 4 mex, 40 wind, 6 converterdone ~11:10, middle half 9:48–11:36
    Builders
    • Butler5 Butler
    • Advanced Construction Bot2 T2 con bot for allies
    • Advanced Construction Bot1 T2 con bot

    Some games also: con turret (32%)

    By 8:57 in all: 4 mex · 40 wind · 6 converter (standard 4) · 1 energy storage · 3 con turret

    The example game in this phase · 37 steps
    1. Wind ×2
    2. Advanced Construction BotT2 con bot
    3. Advanced Construction BotT2 con botfor Air
    4. Wind
    5. Advanced Metal ExtractorT2 mex
    6. Wind
    7. Advanced Construction BotT2 con botfor Pond
    8. Wind
    9. GunslingerGunslingerfor Ponddone 7:07
    10. Wind
    11. Advanced Metal ExtractorT2 mex
    12. Wind
    13. ButlerButler ×2
    14. Wind
    15. ButlerButler ×2
    16. Advanced Construction BotT2 con botfor unknown
    17. Wind ×2
    18. ButlerButler
    19. Wind ×2
    20. ButlerButler
    21. Wind
    22. ButlerButler
    23. Wind ×2
    24. ButlerButler
    25. Wind ×2
    26. Advanced Construction BotT2 con bot
    27. Wind ×19
    28. Converter
    29. Wind ×3
    30. Converter
    31. ButlerButler
    32. Wind ×5
    33. Converter
    34. Wind ×2
    35. ButlerButler
    36. Wind
    37. RattlesnakeRattlesnakedone 11:48 · typical 11:10
  5. 5

    Early defence to 15:00

    Economy
    • Wind Turbine158Wind
    • Energy Converter36Converter
    Order
    1. Advanced Bot LabEat Advanced Bot Lab in 61% of games
    Builders
    • Construction Turret4 Con turret −3 vs standard
    • Butler5 Butler
    • Advanced Construction Bot1 T2 con bot

    Some games also: metal storage (48%) · fusion (45%) · T2 con bot for allies (44%) · anti-nuke (31%) · Rattlesnake (31%)

    By 15:00 in all: 4 mex · 203 wind · 45 converter · 1 energy storage · 7 con turret (standard 10)

    The example game in this phase · 142 steps
    1. Converter
    2. Wind ×2
    3. Converter
    4. Wind
    5. ButlerButler
    6. Wind ×3
    7. Converter
    8. Wind ×2
    9. Converter
    10. Wind ×2
    11. Advanced Construction BotT2 con botfor Geo sea
    12. Wind
    13. Converter
    14. Wind ×2
    15. Converter
    16. Wind ×3
    17. Converter ×2
    18. Wind ×2
    19. Converter
    20. Wind ×2
    21. Converter
    22. Wind ×2
    23. Converter
    24. Wind ×2
    25. Converter ×2
    26. Wind ×3
    27. ButlerButler
    28. Wind
    29. Converter ×2
    30. Wind ×3
    31. Converter ×2
    32. Wind ×3
    33. ButlerButler
    34. Wind
    35. Converter
    36. Wind ×3
    37. Converter ×2
    38. Wind
    39. ButlerButler
    40. Wind ×2
    41. Converter ×2
    42. Wind
    43. Converter
    44. Wind ×2
    45. Converter
    46. Wind
    47. Converter
    48. Wind ×3
    49. Converter ×2
    50. Wind
    51. ButlerButler
    52. Wind ×3
    53. Converter
    54. Wind ×2
    55. Converter
    56. Wind ×4
    57. Converter ×2
    58. Wind ×2
    59. Advanced Construction BotT2 con bot
    60. Wind ×4
    61. Converter
    62. Wind ×4
    63. Con turret
    64. Converter
    65. Wind ×4
    66. Converter
    67. Wind ×2
    68. Converter
    69. Wind ×4
    70. Con turret
    71. Converter ×2
    72. Wind ×4
    73. Con turret
    74. Wind ×4
    75. Converter
    76. Wind ×5
    77. Metal storage
    78. Wind ×7
    79. Converter ×2
    80. Wind ×8
    81. Converter ×2
    82. Wind ×4
    83. Converter
    84. Wind ×3
    85. Converter
    86. Wind ×3
    87. Converter
    88. Wind ×3
    89. Advanced Bot LabEat Advanced Bot Labreclaimed for its metal
    90. Wind
    91. ArmageddonArmageddondone 14:40
    92. Wind
    93. Converter
    94. Wind ×2
    95. Converter
    96. Wind ×4
    97. Converter
    98. Wind ×5
    99. Converter
    100. Wind ×6
    101. Converter
    102. Wind ×7
    103. Converter
    104. Wind ×4
    105. Converter
    106. Wind ×7
    107. Converter
    108. Wind ×7
    109. Converter
    110. Wind ×6
    111. Converter
    112. Wind ×5
    113. Converter
    114. Wind ×7
    115. Converter
    116. Wind ×4
    117. Converter
    118. Wind ×6
    119. Converter
    120. Wind ×6
    121. Converter
    122. Wind ×5
    123. Converter
    124. Wind ×6
    125. Converter
    126. Wind ×5
    127. Converter
    128. Wind ×6
    129. Con turret
    130. Converter
    131. Wind ×3
    132. Con turret
    133. Wind
    134. Converter
    135. Wind ×3
    136. CitadelAnti-nukenot finished by 15:00
    137. Wind
    138. Converter
    139. Con turret
    140. Wind ×3
    141. Converter
    142. Wind ×3

Counts are medians over the build's games: half of them build more, half fewer. The example game is [NWP]1347's (37 OS, 11/10/2026); pick another.

Team trades

IN AT LEAST 30% OF ITS GAMES

You hand over

  • Construction Bot1 Con bot to Airfirst at 2:22 · in 77% of games
  • Advanced Construction Bot5 T2 con bot to Geo sea or Air or Pondfirst at 5:00 · in 100% of games
  • Butler2 Butler to Geo sea or Beach sea or Geofirst at 8:23 · in 42% of games

You get

  • Hercules2 Light transport from Airfirst at 4:03 · in 85% of games

How it plays out

Typical game of this build against the role’s standard build, running totals by minute

  • This build
  • Standard tech

Metal produced

020k40k
0:005:0010:0015:00

metal

Enemy metal destroyed

01k2k
0:005:0010:0015:00

metal

Own metal lost

050100150
0:005:0010:0015:00

metal

62 games.

Show as table
ByMetal produced: This buildMetal produced: Standard techEnemy metal destroyed: This buildEnemy metal destroyed: Standard techOwn metal lost: This buildOwn metal lost: Standard tech
1:003833830000
2:009169150000
3:00167616510000
4:00320731430000
5:00487148480000
6:00600658000000
7:00765372270000
8:00957690610000
9:0011819111690000
10:0014468135020000
11:00170461623953000
12:002015019652202000
13:002412123441575000
14:00281302735792405974
15:003271031538155085128130
WHAT THE NUMBERS SAY

Roughly matched the standard build's win rate while destroying far more enemy metal for fewer losses by 15:00.

  • + Own metal lost at 15:00 much lower than standard (130 vs 196).
  • + Enemy metal destroyed more than triples standard by 15:00 (872 vs 262).
  • − Rattlesnake arrives far later than role's usual tempo (11:13 vs role norm near 3% doing this at all).
  • − Team win rate close to standard, so no clear edge from the switch.
THE EXAMPLE YOU ARE READING

[NWP]1347

36.7 OS · 11/10/2026

Open source match ↗

3 received units
6254 metal received · 59096 energy received

Allied construction assistance is unknown. Timings are observations, not a promise of solo reproducibility.

Typical milestones

Bot Lab1:16Middle 50%: 1:10–1:29 · n=62
Advanced Bot Lab4:12Middle 50%: 3:58–4:30 · n=62
Advanced Metal Extractor5:11Middle 50%: 4:59–5:27 · n=62
Rattlesnake11:10Middle 50%: 9:48–11:36 · n=53

Played most by

[NWP]13477games of this buildGeeGee7games of this buildCrouxy5games of this buildDonGarillo5games of this buildRogShotz3games of this build